 Dungeon Crawl Stone Soup version 0.31-a0-816-gd61d57ddb1 (webtiles) character file.

Game seed: 14932951235721994027

2655 Flugkiller the Skirmisher (level 9, 0/75 HPs)
             Began as a Demigod Hunter on Sept 22, 2023.
             Slain by an orc warrior
             ... wielding a +0 war axe
              (7 damage)
             ... in a bailey.
             The game lasted 00:12:31 (6398 turns).

Flugkiller the Skirmisher (Demigod Hunter)          Turns: 6398, Time: 00:12:31

Health: 0/75       AC:  6    Str: 12    XL:     9   Next: 14%
Magic:  11/11      EV: 17    Int: 11    God:
Gold:   336        SH:  0    Dex: 29    Spells: 8/8 levels left

rFire   . . .        z - +0 orcbow
rCold   . . .        (shield currently unavailable)
rNeg    + . .        c - +0 leather armour
rPois   .            (no helmet)
rElec   .            i - +0 cloak {Will+}
rCorr   .            C - +1 pair of gloves
SInv    .            (no boots)
Will    +....        f - amulet of regeneration
Stlth   ++           h - ring of positive energy
HPRegen 1.12/turn    (no ring)
MPRegen 0.12/turn

%: no passive effects
@: mighty, lethally poisoned (0 -> -3)
A: high MP 1, forlorn, divine attributes
a: no special abilities


You were in a bailey.
You visited 1 branch of the dungeon, and saw 7 of its levels.
You also visited: Bailey.

You collected 336 gold pieces.

Inventory:

Hand Weapons
 a - a +0 shortbow
 v - a +0 arbalest
   (You found it on level 6 of the Dungeon)
 z - a +0 orcbow (weapon)
   (You took it off an orc warrior on level 6 of the Dungeon)
 B - a +3 sling of flaming
   (You found it on level 7 of the Dungeon)
Armour
 c - a +0 leather armour (worn)
 i - a +0 cloak of willpower (worn)
   (You found it in a bailey)
 C - a +1 pair of gloves (worn)
   (You found it on level 7 of the Dungeon)
Jewellery
 f - an amulet of regeneration (around neck)
   (You found it on level 1 of the Dungeon)
 h - a ring of positive energy (left hand)
   (You found it on level 4 of the Dungeon)
 p - an amulet of reflection
   (You found it on level 4 of the Dungeon)
 y - a ring of wizardry
   (You found it on level 5 of the Dungeon)
Wands
 d - a wand of polymorph (6)
   (You found it on level 3 of the Dungeon)
Scrolls
 g - a scroll of torment
 j - a scroll of brand weapon
 m - a scroll of fog
 n - a scroll of amnesia
 t - 4 scrolls of teleportation
 u - a scroll of immolation
Potions
 e - a potion of magic
 q - 2 potions of enlightenment


   Skills:
 + Level 6.0 Fighting
 * Level 9.2 Ranged Weapons
 + Level 6.1 Dodging
 - Level 0.8 Stealth


You had 8 spell levels left.
You didn't know any spells.
Your spell library contained the following spells:

 Spells                   Type           Power      Damage    Failure   Level
 Freeze                   Ice            0%         1d3       41%         1
 Frozen Ramparts          Ice            0%         1d1       80%         3
 Hailstorm                Conj/Ice       0%         3d3       80%         3
 Stone Arrow              Conj/Erth      0%         3d7       80%         3
 Volatile Blastmotes      Fire/Tloc      0%         2d10      80%         3
 Animate Armour           Summ/Erth      0%         N/A       99%         4
 Fulminant Prism          Conj/Hex       0%         3d5       99%         4
 Iskenderun's Mystic Bla  Conj/Tloc      0%         2d3       99%         4
 Lehudib's Crystal Spear  Conj/Erth      0%         10d2      100%        8


Dungeon Overview and Level Annotations

Branches:
Dungeon (7/15) Zot: 26593  Temple (0/1) D:5          Bailey (1/1) Zot: 5687

Shops:
D:2 *   D:7 *

Annotations:
D:6 1 runed translucent door, exclusion: statue, WhatIsLove's ghost, amateur GnHu
D:7 2 transporters, Yorgos's ghost, novice NaSh


Innate Abilities, Weirdness & Mutations

You have an increased reservoir of magic. (+10% MP)
You shall have no god before yourself.
Your divine heritage dramatically boosts your attributes as you level up.


Message History

The arrow hits the kobold brigand.
Your attack snaps the kobold brigand out of its fear.
The kobold brigand is lightly wounded.
You feel sick.
You are no longer poisoned.
Fire: z) +0 orcbow
Press: ? - help, Q - select action, (/) - cycle Shift-Dir - straight line, f/p - orc warrior
Aim: an orc warrior, wielding a +0 war axe and wearing a +0 ring mail (heavily wounded, ally target, 62% to hit)
You shoot an arrow. The arrow hits the orc warrior.
The orc warrior is severely wounded.
An orc warrior comes into view. It is wielding a +0 war axe.
Fire: z) +0 orcbow
Press: ? - help, Q - select action, (/) - cycle Shift-Dir - straight line, f/p - orc warrior
Aim: an orc warrior, wielding a +0 war axe and wearing a +0 ring mail (severely wounded, ally target, 62% to hit)
You shoot an arrow. The arrow hits the orc warrior!
The orc warrior is almost dead.
The kobold brigand throws a poisoned dart.
The poisoned dart closely misses you.
Fire: z) +0 orcbow
Press: ? - help, Q - select action, (/) - cycle Shift-Dir - straight line, f/p - orc warrior
Aim: an orc warrior, wielding a +0 war axe and wearing a +0 ring mail (almost dead, ally target, 62% to hit)
You shoot an arrow. The arrow hits the orc warrior!!
You kill the orc warrior!
Your butterfly disappears in a burst of colours!
The kobold brigand throws a poisoned dart.
The poisoned dart misses you.
Fire: z) +0 orcbow
Press: ? - help, Q - select action, (/) - cycle Shift-Dir - straight line, f - orc warrior
Aim: an orc warrior, wielding a +0 war axe and wearing a +0 ring mail (62% to hit)
You shoot an arrow.
The arrow barely misses the orc warrior.
Fire: z) +0 orcbow
Press: ? - help, Q - select action, (/) - cycle Shift-Dir - straight line, f/p - orc warrior
Aim: an orc warrior, wielding a +0 war axe and wearing a +0 ring mail (62% to hit)
You shoot an arrow. The arrow hits the kobold brigand!
The kobold brigand is heavily wounded.
Your butterfly disappears in a burst of colours!
The kobold brigand barely misses you. The orc warrior misses you.
Fire: z) +0 orcbow
Press: ? - help, Q - select action, (/) - cycle Shift-Dir - straight line, f/p - orc warrior
Aim: an orc warrior, wielding a +0 war axe and wearing a +0 ring mail (62% to hit)
You shoot an arrow.
The arrow closely misses the orc warrior.
The kobold brigand closely misses you.
The orc warrior hits you with a +0 war axe!
The kobold brigand hits you with a +0 war axe.
The orc warrior hits you with a +0 war axe!
Fire: z) +0 orcbow
Press: ? - help, Q - select action, (/) - cycle Shift-Dir - straight line, f/p - orc warrior
Aim: an orc warrior, wielding a +0 war axe and wearing a +0 ring mail (62% to hit)
You shoot an arrow.
The arrow closely misses the orc warrior.
The kobold brigand barely misses you.
The orc warrior hits you with a +0 war axe.
Fire: z) +0 orcbow
Press: ? - help, Q - select action, (/) - cycle Shift-Dir - straight line, f/p - orc warrior
Aim: an orc warrior, wielding a +0 war axe and wearing a +0 ring mail (62% to hit)
You shoot an arrow.
The arrow hits the orc warrior but does no damage.
The kobold brigand misses you.
The orc warrior hits you with a +0 war axe!
The kobold brigand completely misses you.
The orc warrior hits you with a +0 war axe.
* * * LOW HITPOINT WARNING * * *
It was a potion of might.
You feel very mighty all of a sudden.
You feel yourself speed up. The kobold brigand closely misses you.
The orc warrior hits you but does no damage.
Okay, then.
Okay, then.
Throw: 3 darts (curare)
Press: ? - help, Q - select action, (/) - cycle Shift-Dir - straight line, f/p - orc warrior
Aim: an orc warrior, wielding a +0 war axe and wearing a +0 ring mail (61% to hit)
You throw a curare-tipped dart.
The curare-tipped dart hits the orc warrior.
The orc warrior is poisoned.
The orc warrior convulses.
The orc warrior seems to slow down.
The orc warrior is moderately wounded.
The kobold brigand misses you. The orc warrior misses you.
Throw: 2 darts (curare)
Press: ? - help, Q - select action, (/) - cycle Shift-Dir - straight line, f - kobold brigand, p - orc warrior
Aim: a kobold brigand, wielding a +0 war axe and quivering poisoned darts (heavily wounded, 61% to hit)
You throw a curare-tipped dart.
The curare-tipped dart closely misses the kobold brigand.
The kobold brigand misses you.
Throw: dart (curare)
Press: ? - help, Q - select action, (/) - cycle Shift-Dir - straight line, f/p - kobold brigand
Aim: a kobold brigand, wielding a +0 war axe and quivering poisoned darts (heavily wounded, 61% to hit)
You throw a curare-tipped dart.
The curare-tipped dart barely misses the kobold brigand.
The kobold brigand hits you with a +0 war axe!
* * * LOW HITPOINT WARNING * * *
The orc warrior hits you with a +0 war axe!
* * * LOW HITPOINT WARNING * * *
The kobold brigand throws a poisoned dart.
The poisoned dart hits you!
You are poisoned.
The orc warrior attacks as it pursues you!
The orc warrior hits you with a +0 war axe!
You die...

##..∩.(## ##'''##
#.).# #..(# #...#
####(.(####
##~.......~##
####~~.......~~#####
....~(.....@.~~....#
#.###~~....o..~~###.#
#....~~...(K).~~....#
#.###~~.....(.~~###.#
#....~~......(~~....#
#.###~~..)()..~~###.#
#....~~.......~)....#
#.###~~.......~~###.#
#....~~....(..~~....#


You could see an orc warrior (very poisoned, slow) and a kobold brigand.

Vanquished Creatures
  A golden eye (D:7)
  5 orc warriors
  An ice beast (D:5)
  An ogre (D:6)
  A phantom (D:5)
  7 kobold brigands (Bailey)
  A bullfrog (D:7)
  7 scorpions
  3 wights (D:6)
  A howler monkey (D:4)
  2 electric eels (D:6)
  A hound (D:4)
  A gnoll bouda (D:6)
  3 jellies
  A sleepcap (D:7)
  4 orc wizards
  4 adders
  15 gnolls
  2 ufetubi (D:4)
  3 worms
  2 dart slugs (D:3)
  19 orcs
  7 endoplasms
  2 giant cockroaches
  11 goblins
  8 hobgoblins
  2 quokkas
  6 ball pythons
  5 bats
  3 frilled lizards (D:1)
  15 kobolds
  4 rats
148 creatures vanquished.

Notes
Turn   | Place    | Note
-------+----------+-------------------------------------------
     0 | D:1      | Flugkiller the Demigod Hunter began the quest for the Orb.
     0 | D:1      | Reached XP level 1. HP: 17/17 MP: 3/3
   193 | D:1      | Reached XP level 2. HP: 24/24 MP: 4/4
   390 | D:1      | Reached skill level 4 in Ranged Weapons
   810 | D:2      | Found Zoargh's General Store.
   838 | D:2      | Noticed an ogre
  1061 | D:2      | Reached XP level 3. HP: 29/29 MP: 5/5
  1728 | D:3      | Reached XP level 4. HP: 32/37 MP: 6/6
  2515 | D:4      | Reached skill level 5 in Ranged Weapons
  2515 | D:4      | Reached XP level 5. HP: 25/45 MP: 7/7
  2998 | D:4      | Reached XP level 6. HP: 51/51 MP: 8/8
  3724 | D:5      | Entered Level 5 of the Dungeon
  3746 | D:5      | Found a staircase to the Ecumenical Temple.
  3781 | D:5      | Reached skill level 6 in Ranged Weapons
  3980 | D:5      | Noticed a two-headed ogre
  4177 | D:5      | Reached XP level 7. HP: 58/58 MP: 9/9
  5007 | D:6      | Reached skill level 7 in Ranged Weapons
  5190 | D:6      | Reached XP level 8. HP: 27/67 MP: 10/10
  5345 | D:6      | Found a runed translucent door.
  5346 | D:6      | Noticed WhatIsLove's ghost (amateur GnHu)
  5346 | D:6      | Noticed a +0 scimitar of chaos
  5722 | D:7      | Reached skill level 5 in Fighting
  5722 | D:7      | Reached skill level 5 in Dodging
  5748 | D:7      | Found Nuizix's Island Escapes.
  5780 | D:7      | Found a transporter.
  5791 | D:7      | Noticed Yorgos's ghost (novice NaSh)
  5797 | D:7      | Found a transporter.
  5798 | D:7      | Noticed a moth of wrath
  5799 | D:7      | Noticed a two-headed ogre
  5885 | D:7      | Noticed a hornet
  5888 | D:7      | a hornet changed into a golden eye
  5905 | D:7      | Reached skill level 8 in Ranged Weapons
  5915 | D:7      | Noticed Joseph
  5918 | D:7      | Joseph changed into Joseph the jelly
  5918 | D:7      | Noticed Joseph
  5919 | D:7      | Killed Joseph the jelly
  6103 | D:7      | Found a flagged portal.
  6112 | D:7      | Identified the +4 hand axe of Governance {heavy, *Rage
                  | Int+3}
  6117 | Bailey   | Entered a bailey
  6355 | Bailey   | Reached skill level 9 in Ranged Weapons
  6355 | Bailey   | Reached XP level 9. HP: 75/75 MP: 11/11
  6398 | Bailey   | Slain by an orc warrior

Illustrated notes

Levels and vault maps discovered:
D:1:      minmay_arrival_up_and_down, layout_loops_ring, kennysheep_minor_cross,
          minmay_liquid_box, dreamdust_mushroom_princess
D:2:      layout_loops_ring, serial_shops, shop
D:3:      layout_basic, mainiacjoe_overflow_alcove_4, fedhas_altar_1,
          zin_treasury, dreamdust_ecumenical_altar_statues,
          kennysheep_nondescript, chequers_serial_rivers_room_b
D:4:      layout_layer_cave
D:5:      layout_rooms, mainiacjoe_overflow_alcove_1,
          mainiacjoe_overflow_boulevard, lemuel_tele_altar,
          minmay_temple_entry_statues_pillars, serial_glass, glass_columns_b,
          glass_columns_b, minmay_strange_pillars, due_unseen_surprise,
          minmay_strange_pillars
D:6:      layout_loops_ring, vehumet_statue, mainiacjoe_overflow_catwalk,
          ebering_ghost_xom, serial_bayou_lagoon_b
D:7:      old_forge, layout_basic, gammafunk_ghost_wrathful_warriors,
          enter_bailey_2, nicolae_island_escapes, uniq_joseph
Bailey:   bailey_axe_3, bailey

Skill      XL: |  1  2  3  4  5  6  7  8  9 |
---------------+----------------------------+-----
Fighting       | 2 3 4 5 6 |  6.0
Dodging        | 2 3 4 5 6 |  6.1
Ranged Weapons | 4 5 6 7 9 |  9.2
Stealth        | |  0.8

Action                     |  1- 3 |  4- 6 |  7- 9 || total
---------------------------+-------+-------+-------++-------
  Melee: Unarmed           |       |     3 |       ||     3
         Shortbow          |       |     2 |       ||     2
         Orcbow            |       |       |     1 ||     1
   Fire: Shortbow          |   135 |   187 |    45 ||   367
         Arbalest          |       |       |    27 ||    27
         Orcbow            |       |       |   162 ||   162
  Throw: Dart              |       |       |    15 ||    15
  Evoke: Wand              |       |       |     4 ||     4
    Use: Potion            |       |     4 |     5 ||     9
         Scroll            |       |     4 |     8 ||    12
 Armour: Leather armour    |    17 |    66 |    60 ||   143
         Skin              |       |       |    13 ||    13
  Dodge: Dodged            |    24 |    51 |    94 ||   169
  Block: Other             |       |     6 |       ||     6

Table legend: (Time is in decaauts)
 A = Elapsed time spent in this place.
 B = Non-inter-level travel time spent in this place.
 C = Inter-level travel time spent in this place.
 D = Time resting spent in this place.
 E = Time spent auto-exploring this place.
 F = Levels seen in this place.
 G = Mean time per level.
                   A        B        C        D        E       F      G
               +--------+--------+--------+--------+--------+-----+--------+
         Total |   6561 |   6214 |    347 |    508 |   3707 |   8 |  820.1 |
       Dungeon |   6249 |   5902 |    347 |    480 |   3678 |   7 |  892.7 |
        Bailey |    311 |    311 |      0 |     28 |     29 |   1 |  311.0 |
               +--------+--------+--------+--------+--------+-----+--------+

Top non-repeatable levels by time:
     D:4: 1499 daAuts
     D:3: 1217 daAuts
     D:6: 1183 daAuts
     D:5: 683 daAuts
     D:2: 656 daAuts
     D:1: 612 daAuts
     D:7: 397 daAuts
  Bailey: 311 daAuts
